Unix NetHack Version 5.0.0-0 post-release - last build Jun 10 2026 00:39:30 (3ee93aec679c4c4259841fe613dc97188e26a321,branch:main).

Game began 2026-06-19 01:57:08, ended 2026-06-19 15:18:37.

IanCurtis, chaotic male elven Wizard

  ---------------  -------                     -----
  |(|..|........----.....--          -----     |!((.|--           ----
  ||-.)).%{...|......--...|        ---...---   |(((.-.|      ------..--
  |....|.....--------|....|   ------.......--  |!((.|.|     |.........----
  -------|--.|       |......  |..--.........---------.--+--  -............
       |...|.|      --...|..  |.......G...|..%.%.a@.......----....{.....--
      .-...|.|      +...-|.   |-..........|-..-----)---+-...............+
     -------.|      --...---  |.....|....-|.....--|..|  ---..|.........--
     -.......|       |....|.. |..--.|...---..|)..-|..|   -...|-...---.--
    |...-----------  ---....------|.|-..|...---...-------...[--------|---
    |...|%!?+.!=/.|  |.......--|..|.|---|..........|...|...%..|.|  |....|
    --..|........)|--|....{...||..|.|   ----.......|...---.)..|.-- |%%%%|
    --..--|--------..|-.......-|....|---   --.---..|..........|..| ------
    |.....*..........--........----.|..*    |.. ---|....)|....|..-----
    ||--........--.-.....-+---.[[[..|..|#   |.|    --...----..|....|.---
    |..|--..-|---..----.     ------.+..| *...+---   --..|   - |.........---
    |..-.|.-|.. |..               ------  |.....|    |..|     ----.....-|.--
    -+----.--+---.-                       |..!..|    |..|---------.|....|..--
         ..     ..                        |.....|    |..--..%......|---.....|
        ----   ---                        -------    --.......------  ---..<|
                                                      ---------         -----
IanCurtis the Thaumaturge  St:9 Dx:14 Co:14 In:20 Wi:11 Ch:10  Chaotic
Dlvl:7  $:516 HP:0(59) Pw:24(82) AC:5  Xp:8 T:4023 

Latest messages:
 The spell hits the killer bee!
 You kill the killer bee!
 The spell hits it!
 You kill it!
 In what direction? h
 The spell misses the killer bee.
 The spell misses it.
 In what direction? h
 The spell misses the killer bee.
 The spell misses it.
 You kill the killer bee!
 The blast of frost misses it.
 The killer bee is killed by the blast of frost!
 The blast of frost misses the killer bee.
 The blast of frost hits you!
 In what direction? h
 A potion of oil shatters!
 You smell a peculiar odor...
 The spell misses the killer bee.
 The spell hits it.
 You kill the killer bee!
 There is a partly eaten winter wolf cub corpse here; eat it? [ynq] (n) y
 You consume the last bite of your meal.
 In what direction? h
 The spell hits the killer bee!
 You kill the killer bee!
 Welcome to experience level 8.
 The spell misses the winter wolf cub.
 You see here a winter wolf cub corpse.
 There is a winter wolf cub corpse here; eat it? [ynq] (n) y
 This winter wolf cub corpse is gamey.
 You stop eating the winter wolf cub corpse.
 You hit the winter wolf cub!
 The winter wolf cub just misses!
 You kill the winter wolf cub!
 You miss the killer bee.
 The killer bee stings!
 The killer bee misses!
 You miss the killer bee.
 The killer bee stings!
 You miss the killer bee.
 The killer bee stings!
 The killer bee just misses!
 You miss the killer bee.
 The killer bee stings!
 The killer bee's sting was poisoned!
 The killer bee stings!
 The killer bee's sting was poisoned!
 You die...
 Do you want your possessions identified? [ynq] (y) q

Inventory:
 Coins    ('$')
  $ - 516 gold pieces
 Weapons  (')')
  a - a blessed +1 quarterstaff (weapon in hands)
 Armor    ('[')
  K - a blessed +3 elven leather helm (being worn)
  b - an uncursed +0 cloak of magic resistance (being worn)
 Comestibles  ('%')
  R - 2 uncursed slime molds
  G - 2 cursed food rations
  J - an uncursed tripe ration
 Scrolls  ('?')
  z - an uncursed scroll of amnesia
  m - a blessed scroll of blank paper
  i - an uncursed scroll of blank paper
  p - a cursed scroll of blank paper
  u - a blessed scroll of confuse monster
  N - a cursed scroll of genocide
  I - 2 uncursed scrolls of identify
  W - 5 uncursed scrolls of magic mapping
  j - an uncursed scroll of remove curse
  l - an uncursed scroll of teleportation
 Potions  ('!')
  f - an uncursed potion of gain energy
  E - a blessed potion of healing
  C - an uncursed potion of healing
  g - an uncursed potion of water
  h - an uncursed potion of water
  D - an uncursed potion of water
 Rings    ('=')
  d - an uncursed ring of shock resistance
  e - an uncursed ring of warning
  s - an uncursed ring of warning
 Wands    ('/')
  U - a wand of magic missile (0:5)
  w - a wand of magic missile (0:2)
  A - a wand of polymorph (0:8)
  c - a wand of stasis (0:4)
 Tools    ('(')
  o - an uncursed wooden flute
  x - an uncursed brass lantern (lit)
  Q - a cursed expensive camera (0:87)
  k - an uncursed lock pick
  n - a magic marker (0:19)
  r - an uncursed tin whistle

IanCurtis the Wizard's attributes:

Background:
 You were a Thaumaturge, a level 8 male elven Wizard.
 You were chaotic, on a mission for Anhur
 who was opposed by Ptah (lawful) and Thoth (neutral).
 You were right-handed.
 You were in the Gnomish Mines, on level 7.
 You entered the dungeon 4023 turns ago.
 You had 1320 experience points, 1240 more were needed to attain level 9.

Basics:
 You had 0 out of 59 hit points.
 You had 24 out of 82 energy points (spell power).
 Your armor class was 5.
 Your wallet contained 516 zorkmids.
 Autopickup was off.

Final Characteristics:
 Your strength was 9 (limit:18).
 Your dexterity was 14 (limit:18).
 Your constitution was 14 (limit:16).
 Your intelligence was 20 (limit:20).
 Your wisdom was 11 (limit:20).
 Your charisma was 10 (limit:18).

Final Status:
 You weren't hungry.
 You were unencumbered.
 You were wielding a quarterstaff.
 You were skilled in quarterstaff.

Final Attributes:
 You were piously aligned.
 You were magic-protected.
 You were sleep resistant.
 You were telepathic.
 You had infravision.
 You were warded.
 You are dead.

Miscellaneous:
 You encountered 1 bones level.
 Total elapsed playing time was 1 hour, 8 minutes and 9 seconds.

Major events:
 Turn
    1: IanCurtis the chaotic male elven Wizard entered the dungeon
 1187: attained the rank of Conjurer (level 3)
 1393: became literate by naming Sting
 1845: entered the Gnomish Mines
 2597: reached Mine Town
 2877: attained the rank of Thaumaturge (level 6)
 4023: killed by a killer bee

Spells:
 Name                 Level Category     Fail Retention
 force bolt             1   attack         0%   76%-80%
 slow monster           2   enchantment    0%   71%-80%
 levitation             4   escape        84%  76%-100%
 extra healing          3   healing       54%  76%-100%
 cancellation           7   matter        98%  76%-100%
 light                  1   divination     0%  76%-100%

Skills:
 Fighting Skills
   bare handed combat [Unskilled]
   riding             [Unskilled]
 Weapon Skills
   dagger             [Unskilled]
   knife              [Unskilled]
   axe                [Unskilled]
   short sword        [Unskilled]
   club               [Unskilled]
   mace               [Unskilled]
   quarterstaff       [Skilled]
   polearms           [Unskilled]
   spear              [Unskilled]
   trident            [Unskilled]
   sling              [Unskilled]
   dart               [Unskilled]
   shuriken           [Unskilled]
 Spellcasting Skills
   attack spells      [Skilled]
   healing spells     [Unskilled]
   divination spells  [Unskilled]
   enchantment spells [Basic]
   clerical spells    [Unskilled]
   escape spells      [Unskilled]
   matter spells      [Unskilled]

Voluntary challenges:
 Character rerolling was not enabled.
 You never genocided any monsters.
 You never polymorphed an object.
 You never changed form.
 You used no wishes.
Achievements:
 You entered a shop.
 You attained the rank of Conjurer.
 You entered the Gnomish Mines.
 You entered Minetown.
 You attained the rank of Thaumaturge.
 You entered a temple.

 The Dungeons of Doom: levels 1 to 4
    Level 1:
       A fountain.
    Level 2:
       A sink, a grave.
    Level 3:
       A tool shop.
    Level 4:
       A general store, some fountains.
       Stairs down to The Gnomish Mines.
 The Gnomish Mines: levels 5 to 7
    Level 5:
    Level 6:
       A grave.
       Final resting place for
          Trystero-Tou-Hum-Mal-Neu, killed by an invisible hobbit.
    Level 7: <- You were here.
       Many shops, a temple and an altar, many fountains.
       Final resting place for
          you, killed by a killer bee.


Vanquished creatures:
  a small mimic
 an ettin zombie
  3 winter wolf cubs
  a lynx
 10 Mordor orcs
  a rock mole
  a pony
  a fog cloud
  5 gnome leaders
  a gnomish wizard
 an elf zombie
  3 giant ants
  2 floating eyes
  a kitten
  6 dwarves
  6 rothes
  a giant bat
  a dwarf zombie
  3 iguanas
 15 killer bees
 an acid blob
  a coyote
  3 hobbits
 15 gnomes
  2 geckos
  4 jackals
  3 foxes
  a goblin
  4 sewer rats
  3 grid bugs
  5 lichens
  3 kobold zombies
  3 newts
112 creatures vanquished.

No species were genocided or became extinct.

Game over:
                       ----------
                      /          \
                     /    REST    \
                    /      IN      \
                   /     PEACE      \
                  /                  \
                  |    IanCurtis     |
                  |      516 Au      |
                  |   killed by a    |
                  |    killer bee    |
                  |                  |
                  |                  |
                  |       2026       |
                 *|     *  *  *      | *
        _________)/\\_//(\/(/\)/\//\/|_)_______

Goodbye IanCurtis the Wizard...

You died in The Gnomish Mines on dungeon level 7 with 6065 points,
and 516 pieces of gold, after 4023 moves.
You were level 8 with a maximum of 59 hit points when you died.

